 Dungeon Crawl Stone Soup version 0.30.1-9-gdf580d7c3d (webtiles) character file.

Game seed: 10023754771995733632

91 KittyFluff the Trooper (level 4, -1/29 HPs)
             Began as a Gargoyle Berserker on Oct 6, 2023.
             Was a Believer of Trog.
             Slain by Natasha (2 damage)
             ... on level 2 of the Dungeon.
             The game lasted 00:04:36 (1140 turns).

KittyFluff the Trooper (Gargoyle Berserker)         Turns: 1140, Time: 00:04:36

Health: -1/29      AC:  7    Str: 22    XL:     4   Next: 57%
Magic:  4/4        EV: 11    Int:  8    God:    Trog [**....]
Gold:   106        SH:  0    Dex:  9    Spells: 3/3 levels left

rFire   . . .        a - +0 mace
rCold   . . .        (no shield)
rNeg    + . .        f - +0 leather armour
rPois   ∞            (no helmet)
rElec   +            (no cloak)
rCorr   .            (no gloves)
SInv    +            (no boots)
Will    .....        (no amulet)
Stlth   +            e - ring of see invisible
HPRegen 0.24/turn    (no ring)
MPRegen 0.09/turn

%: no passive effects
@: no status effects
A: sickness immunity, AC +3, negative energy resistance 1, electricity
resistance, torment resistance 1, petrification resistance
a: Renounce Religion, Berserk, Trog's Hand


You were on level 2 of the Dungeon.
You worshipped Trog.
Trog was pleased with you.
You visited 1 branch of the dungeon, and saw 2 of its levels.

You collected 106 gold pieces.

Inventory:

Hand Weapons
 a - a +0 mace (weapon)
 n - a +0 sling
Armour
 f - a +0 leather armour (worn)
 m - the +4 ring mail "Xeeng" {Rampage rF+ Int+3 Dex+2}
   (You found it on level 2 of the Dungeon)

   Int:       It affects your intelligence (+3).
   Dex:       It affects your dexterity (+2).
   rF:        It protects you from fire.
   Rampage:   It bestows one free step when moving towards enemies.
Jewellery
 e - a ring of see invisible (left hand)
Scrolls
 b - a scroll of brand weapon {unknown}
 d - 2 scrolls of noise {unknown}
 g - a scroll of enchant armour {unknown}
 j - a scroll of butterflies {unknown}
 k - a scroll of identify {unknown}
 q - a scroll of fog {unknown}
Potions
 c - a potion of ambrosia {unknown}
 h - a potion of degeneration {unknown}
 i - a potion of curing {unknown}
 l - a potion of lignification {unknown}
 o - a potion of might {unknown}
 p - a potion of attraction {unknown}


   Skills:
 + Level 3.8 Fighting
 * Level 3.8 Maces & Flails
 * Level 3.3 Armour
 + Level 2.1 Dodging


You had 3 spell levels left.
You didn't know any spells.
Your spell library was empty.

Dungeon Overview and Level Annotations

Branches:
Dungeon (2/15)

Altars:

Annotations:
D:2 Natasha


Innate Abilities, Weirdness & Mutations

You are immune to sickness and miasma.
Your stone body is resilient. (AC +3)
You are immune to poison.
You resist negative energy. (rN+)
You are resistant to electric shocks. (rElec)
You are resistant to unholy torment.
You are immune to petrification.


Message History

HP restored.
p - a fizzy dark potion
There is an open door here.
A bat comes into view.
The bat barely misses you. The bat closely misses you.
The bat hits you but does no damage.
You barely miss the bat. The bat barely misses you.
The bat hits you but does no damage.
You hit the bat.
You kill the bat!
Trog accepts your kill.
Found 17 gold pieces.
Found an escape hatch in the ceiling.
Found a scroll labelled LIAGESYRUDIA.
You now have 106 gold pieces (gained 17).
q - a scroll labelled LIAGESYRUDIA
There is a stone staircase leading down here.
There is a stone staircase leading down here.
Natasha, Servant of Life and Death comes into view.
She is carrying a wand of quicksilver (10).
Natasha hisses angrily.
Natasha casts a spell at you. The magic dart hits you.
Natasha casts a spell.
You hit Natasha but do no damage.
Natasha mumbles some strange words.
The cerulean imp hits you from afar with a +2 spear.
You barely miss Natasha. Natasha completely misses you.
The cerulean imp closely misses you.
The cerulean imp hits you from afar with a +1 spear.
Natasha barely misses you.
You closely miss Natasha.
The cerulean imp hits you from afar with a +2 spear.
The cerulean imp closely misses you.
Natasha zaps a wand.
The bolt of dispelling energy hits you!
* * * LOW HITPOINT WARNING * * *
You closely miss Natasha. The cerulean imp closely misses you.
The cerulean imp hits you from afar with a +1 spear.
* * * LOW HITPOINT WARNING * * *
Natasha claws you.
You die...

#.).###.............###.#.###.(#
#...................#......#...##
#....###............#.#(#.###...†
#...## #..............###...#....
#...# #..........#.###.###.#....
#...####..........#..............
#.....#####...###.#.#####........
#...#.# ###.......5.# #........
#...#.# #.......@h## #........
#.....###.#<......# ######..#
#..............5..#############.#
#..................>.............
#.........>.......############...
#..............<..# #####......^
#.................####.....###...
####..........#.#......##### #...
#.................###### #.##


You could see Natasha and 2 cerulean imps.

Vanquished Creatures
  Natasha (D:2)
  2 adders (D:2)
  2 worms (D:2)
  A dart slug (D:2)
  4 endoplasms (D:1)
  5 giant cockroaches
  2 goblins
  7 hobgoblins
  A kobold (D:1)
  4 ball pythons
  3 bats
  4 frilled lizards
  3 rats
39 creatures vanquished.

Notes
Turn   | Place    | Note
-------+----------+-------------------------------------------
     0 | D:1      | KittyFluff the Gargoyle Berserker began the quest for the
                  | Orb.
     0 | D:1      | Reached XP level 1. HP: 14/14 MP: 1/1
    46 | D:1      | Found a faded altar of an unknown god.
   141 | D:1      | Reached XP level 2. HP: 19/19 MP: 2/2
   525 | D:1      | Reached XP level 3. HP: 13/23 MP: 3/3
   633 | D:2      | Reached ** piety under Trog
   813 | D:2      | Identified the +4 ring mail "Xeeng" {Rampage rF+ Int+3
                  | Dex+2}
   916 | D:2      | Reached XP level 4. HP: 29/29 MP: 4/4
   925 | D:2      | Noticed Natasha
   933 | D:2      | Killed Natasha
  1132 | D:2      | Noticed Natasha
  1139 | D:2      | HP: 1/29 [Natasha/bolt of dispelling energy (14)]
  1140 | D:2      | Slain by Natasha

Illustrated notes

Levels and vault maps discovered:
D:1:      noname_arrival_rooms_in_the_neighbourhood, layout_rooms,
          ebering_ecumenical_altar_box
D:2:      layout_rooms, grunt_ministairs_15, minmay_indecisive_spiral,
          uniq_natasha

Skill      XL: |  1  2  3 |
---------------+----------+-----
Armour         | 3 |  3.3
Dodging        | 2 |  2.1
Fighting       | |  3.8
Maces & Flails | |  3.8

Action                     |  1- 3 |  4- 6 || total
---------------------------+-------+-------++-------
  Melee: Mace              |   121 |    16 ||   137
         Punch             |     2 |       ||     2
 Armour: Animal skin       |     5 |       ||     5
         Leather armour    |    62 |     3 ||    65
  Dodge: Dodged            |    97 |    15 ||   112
